 Dungeon Crawl Stone Soup version 0.27-a0-808-g60bc5d92e6 (webtiles) character file.

Game seed: 2954328997300609527

105 rageheart7 the Skirmisher (level 4, -3/38 HPs)
             Began as a Demonspawn Wanderer on Mar 28, 2021.
             Slain by Natasha (6 damage)
             ... on level 2 of the Dungeon.
             The game lasted 00:03:08 (2438 turns).

rageheart7 the Skirmisher (Demonspawn Wanderer)     Turns: 2438, Time: 00:03:08

Health: -3/38      AC:  5    Str: 10    XL:     4   Next: 54%
Magic:  4/4        EV:  9    Int: 19    God:
Gold:   73         SH:  0    Dex: 10    Spells: 3/3 levels left

rFire    x . .     SeeInvis .   a - +2 dagger
rCold    + . .     Faith    .   (no shield)
rNeg     . . .     Spirit   .   d - +0 ring mail
rPois    .         Reflect  .   (no helmet)
rElec    .         Harm     .   (no cloak)
rCorr    .         Rampage  .   (no gloves)
Will     .....                  (no boots)
Stlth    +.........             (no amulet)
HPRegen  0.12/turn              m - ring of ice
MPRegen  0.09/turn              (no ring)

@: slowed, very slow
A: claws 1, demonic magic 1
a: no special abilities


You were on level 2 of the Dungeon.
You visited 1 branch of the dungeon, and saw 2 of its levels.

You collected 73 gold pieces.

Inventory:

Hand Weapons
 a - a +2 dagger (weapon)
 c - a +0 mace
Armour
 d - a +0 ring mail (worn)
Jewellery
 m - a ring of ice (left claw)
Scrolls
 e - 2 scrolls of identify {unknown}
 g - a scroll of noise {unknown}
 h - a scroll of enchant weapon {unknown}
 j - a scroll of teleportation {unknown}
 l - 2 scrolls of amnesia {unknown}
 n - a scroll of fog {unknown}
Potions
 b - a potion of haste
 f - 3 potions of curing {unknown}
 i - a potion of cancellation {unknown}
 k - a potion of heal wounds {unknown}


   Skills:
 + Level 4.4 Fighting
 - Level 3.6 Crossbows
 - Level 1.0 Armour
 - Level 1.0 Stealth
 - Level 1.7 Shields
 - Level 1.0 Unarmed Combat


You had 3 spell levels left.
You didn't know any spells.
Your spell library contained the following spells:

 Spells                   Type           Power      Damage    Failure   Level
 Magic Dart               Conj           0%         1d3       45%         1
 Blink                    Tloc           N/A        N/A       61%         2
 Call Imp                 Summ           0%         N/A       61%         2
 Slow                     Hex            0%         N/A       61%         2
 Conjure Flame            Conj/Fire      0%         6-21      83%         3
 Mephitic Cloud           Conj/Pois/Air  0%         N/A       83%         3


Dungeon Overview and Level Annotations

Branches:
Dungeon (2/15)

Altars:

Shops:
D:2 [

Annotations:
D:2 Natasha


Innate Abilities, Weirdness & Mutations

You have sharp fingernails.
Spells you cast may paralyse adjacent enemies.


Message History

Natasha is severely wounded.
Natasha claws you but does no damage.
You barely miss Natasha.
Natasha is severely wounded.
Natasha barely misses you.
You hit Natasha.
Natasha is almost dead.
Natasha claws you!
You closely miss Natasha.
Natasha is almost dead.
A giant cockroach comes into view.
Natasha casts a spell at you.
You feel yourself slow down.
You hit Natasha but do no damage.
Natasha is almost dead.
Natasha stares at you and mumbles some strange words.
The magic dart hits you!
* * * LOW HITPOINT WARNING * * *
You barely miss Natasha.
Natasha is almost dead.
Natasha barely misses you. The giant cockroach barely misses you.
Natasha barely misses you.
You hit Natasha.
Natasha is almost dead.
The giant cockroach bites you but does no damage.
Natasha claws you.
* * * LOW HITPOINT WARNING * * *
The giant cockroach bites you but does no damage.
You barely miss Natasha.
Natasha is almost dead.
Natasha barely misses you. The giant cockroach bites you.
* * * LOW HITPOINT WARNING * * *
Natasha casts a spell at you. The magic dart hits you.
* * * LOW HITPOINT WARNING * * *
You hit Natasha but do no damage.
Natasha is almost dead.
The giant cockroach bites you but does no damage.
Natasha claws you.
You die...

..##.###.# #.# #..# #.#
.........######.#####..#
#.####
.###.#.................#
#..... .#
#.#################.#
###### >###.### #.##
.......###########...#
####.................
###.#########.h#.#..#
#.#######..@.......
#.........B..#.#..#
#.#######.##..... #(#
#.# #...# #.# ..# #.## #
#.# #.## .# #. #.# #. .
#.### #.# #. #. #....
#.# #....


You could see Natasha and a giant cockroach.

Vanquished Creatures
  Natasha (twice) (D:2)
  2 worms (D:2)
  3 dart slugs (D:1)
  3 ball pythons
  A bat (D:1)
  An endoplasm (D:1)
  3 giant cockroaches
  6 goblins
  7 hobgoblins
  4 quokkas
  A frilled lizard (D:1)
  5 kobolds
  A rat (D:2)
39 creatures vanquished.

Vanquished Creatures (others)
  49 plants (D:1)
49 creatures vanquished.

Grand Total: 88 creatures vanquished

Notes
Turn   | Place    | Note
-------+----------+-------------------------------------------
     0 | D:1      | rageheart7 the Demonspawn Wanderer began the quest for the
                  | Orb.
     0 | D:1      | rageheart7 set off with the following items: a +2 dagger, a
                  | potion of haste, a +0 mace, a +0 ring mail
     0 | D:1      | Reached XP level 1. HP: 15/15 MP: 1/1
     1 | D:1      | Upgraded the game from 0.27-a0-797-g27d10ad80f to
                  | 0.27-a0-808-g60bc5d92e6
   165 | D:1      | Reached skill level 2 in Fighting
   170 | D:1      | Gained mutation: Spells you cast may paralyse adjacent
                  | enemies. [demonic ancestry]
   170 | D:1      | Reached XP level 2. HP: 8/22 MP: 2/2
   989 | D:1      | Reached skill level 3 in Fighting
  1009 | D:1      | Reached XP level 3. HP: 29/29 MP: 3/3
  1528 | D:2      | Found Niochihang's Armour Emporium.
  1939 | D:2      | Noticed Natasha
  1951 | D:2      | Killed Natasha
  1952 | D:2      | Reached skill level 4 in Fighting
  1952 | D:2      | Gained mutation: You have sharp fingernails. [demonic
                  | ancestry]
  1952 | D:2      | Reached XP level 4. HP: 23/37 MP: 4/4
  2165 | D:2      | Noticed Natasha
  2177 | D:2      | Killed Natasha
  2419 | D:2      | Noticed Natasha
  2438 | D:2      | Slain by Natasha

Illustrated notes

Levels and vault maps discovered:
D:1:      roderic_crop_circles_arrival_small, layout_rooms, st_stairs_13
D:2:      layout_loops_ring, serial_shops, shop, uniq_natasha

Skill      XL: |  1  2  3 |
---------------+----------+-----
Fighting       | 2 3 4 |  4.4
Crossbows      | |  3.6
Armour         | |  1.0
Stealth        | |  1.0
Shields        | |  1.7
Unarmed Combat | |  1.0

Action                   |  1- 3 |  4- 6 || total
-------------------------+-------+-------++-------
Melee: Dagger            |   161 |    45 ||   206
       Punch             |     1 |       ||     1
Armor: Ring mail         |    44 |    11 ||    55
Dodge: Dodged            |    60 |    20 ||    80

Table legend: (Time is in decaauts)
 A = Elapsed time spent in this place.
 B = Non-inter-level travel time spent in this place.
 C = Inter-level travel time spent in this place.
 D = Time resting spent in this place.
 E = Time spent auto-exploring this place.
 F = Levels seen in this place.
 G = Mean time per level.
                   A        B        C        D        E       F      G
               +--------+--------+--------+--------+--------+-----+--------+
         Total |   2439 |   2425 |     14 |    149 |   1948 |   2 | 1219.5 |
       Dungeon |   2439 |   2425 |     14 |    149 |   1948 |   2 | 1219.5 |
               +--------+--------+--------+--------+--------+-----+--------+

Top non-repeatable levels by time:
     D:1: 1314 daAuts
     D:2: 1125 daAuts
